 Dungeon Crawl Stone Soup version 0.30-a0-6-g7c9e10e132 (webtiles) character file.

Game seed: 9340585597146211945

1187 SensoryNuts the Cleaver (level 8, -5/69 HPs)
             Began as a Hill Orc Fighter on Aug 22, 2022.
             Was an Initiate of Gozag.
             Slain by an iguana (7 damage)
             ... on level 5 of the Dungeon.
             The game lasted 00:05:59 (5721 turns).

SensoryNuts the Cleaver (Hill Orc Fighter)          Turns: 5721, Time: 00:06:00

Health: -5/69      AC: 12    Str: 27    XL:     8   Next: 43%
Magic:  8/8        EV:  7    Int:  8    God:    Gozag
Gold:   374        SH: 10    Dex: 10    Spells: 7/7 levels left

rFire   . . .      SeeInvis .    a - +0 war axe
rCold   . . .      Faith    .    c - +0 buckler
rNeg    . . .      Spirit   .    h - +0 plate armour
rPois   .          Reflect  +    (no helmet)
rElec   .          Harm     .    (no cloak)
rCorr   .          Rampage  .    (no gloves)
Will    .....                    (no boots)
Stlth   ..........               w - amulet of reflection
HPRegen 0.21/turn                q - +6 ring of strength
MPRegen 0.11/turn                y - ring of flight

@: gold aura, flying
A: no striking features
a: Renounce Religion, Potion Petition, Call Merchant, Bribe Branch


You were on level 5 of the Dungeon.
You worshipped Gozag.
Gozag was aware of your devotion.
You visited 1 branch of the dungeon, and saw 6 of its levels.

You collected 414 gold pieces.
You paid 40 gold pieces to Gozag.

Inventory:

Hand Weapons
 a - a +0 war axe (weapon)
Armour
 b - a +0 scale mail
 c - a +0 buckler (worn)
 h - a +0 plate armour (worn)
Jewellery
 o - a +6 ring of intelligence
 q - a +6 ring of strength (left hand)
 w - an amulet of reflection (around neck)
 y - a ring of flight (right hand)
Wands
 i - a wand of digging (3)
Scrolls
 d - a scroll of fear
 e - a scroll of butterflies
 g - a scroll of blinking
 j - 3 scrolls of identify
 m - a scroll of poison
 p - a scroll of noise
 s - a scroll of vulnerability {unknown}
Potions
 f - 3 potions of attraction
 k - a potion of lignification {unknown}
 l - a potion of heal wounds {unknown}
 r - 2 potions of curing
 t - a potion of resistance {unknown}
 u - a potion of cancellation {unknown}
 v - a potion of degeneration {unknown}
 x - a potion of mutation {unknown}


   Skills:
 + Level 5.5 Fighting
 + Level 9.0 Axes
 + Level 5.9 Armour
 + Level 1.0 Dodging
 + Level 0.4 Stealth
 + Level 5.4 Shields


You had 7 spell levels left.
You didn't know any spells.
Your spell library contained the following spells:

 Spells                   Type           Power      Damage    Failure   Level
 Slow                     Hex            0%         N/A       99%         1
 Confusing Touch          Hex            0%         N/A       100%        3
 Gell's Gravitas          Tloc           0%         N/A       100%        3
 Lesser Beckoning         Tloc           0%         N/A       100%        3
 Teleport Other           Tloc           0%         N/A       100%        3
 Vampiric Draining        Necr           0%         2d6       100%        3


Dungeon Overview and Level Annotations

Branches:
Dungeon (6/15)
 Temple: D:4-7

Altars:
Gozag
Uskayaw

Shops:
D:6 [

Annotations:
D:6 Pikel


Message History

The iguana bites you but does no damage.
Unknown command.
You slash the orc priest!
You kill the orc priest!
You barely miss the ogre. You hit the iguana.
The iguana bites you but does no damage.
The ogre hits you with a +0 giant club!!
Unknown command.
You barely miss the iguana.
The iguana is moderately wounded.
You slash the ogre! You block the iguana's attack.
Unknown command.
You barely miss the ogre.
The ogre is severely wounded.
You barely miss the iguana. You block the ogre's attack.
You block the iguana's attack.
Unknown command.
You hit the ogre.
The ogre is severely wounded.
You closely miss the iguana. The iguana closely misses you.
The ogre hits you with a +0 giant club!
Unknown command.
You are too injured to fight recklessly!
Unknown command.
You are too injured to fight recklessly!
Unknown command.
You are too injured to fight recklessly!
Unknown command.
You are too injured to fight recklessly!
You hit the ogre.
The ogre is almost dead.
You hit the iguana but do no damage. The iguana bites you.
You hit the ogre but do no damage.
The ogre is almost dead.
You barely miss the iguana.
The ogre hits you with a +0 giant club!!
* * * LOW HITPOINT WARNING * * *
The iguana bites you!
You die...
Your body crumbles into a pile of gold.

....................#
....................#
....................#
....##....#######...#
######....###..###'##
.....#..............#
.....#..............#
.....#..........$...#
.....#.........l@...#
.....#..........$O..#
.....#+###.##....##.#
.........#.##....##.####
.........#.............#
.........#.............#
.........#.............#
.........#.............#
.........##########....#


You could see an ogre and an iguana.

Vanquished Creatures
  Sigmund (D:2)
  Eustachio (D:4)
  A black bear (D:5)
  A sky beast (D:6)
  A phantom (D:5)
  A centaur (D:6)
  2 lemures (D:6)
  A bullfrog (D:5)
  A scorpion (D:5)
  A howler monkey (D:5)
  2 hounds
  2 orc priests
  Jessica (D:2)
  An iguana (D:5)
  An orc wizard (D:3)
  3 gnolls (D:2)
  6 adders
  An ufetubus (D:4)
  3 dart slugs (D:2)
  4 orcs
  9 endoplasms
  2 giant cockroaches (D:2)
  11 goblins
  7 hobgoblins
  9 kobolds
  3 quokkas
  7 ball pythons
  6 bats
  8 frilled lizards
  4 rats
101 creatures vanquished.

Notes
Turn   | Place    | Note
-------+----------+-------------------------------------------
     0 | D:1      | SensoryNuts the Hill Orc Fighter began the quest for the
                  | Orb.
     0 | D:1      | Reached XP level 1. HP: 19/19 MP: 1/1
   117 | D:1      | Reached skill level 3 in Axes
   195 | D:1      | Reached XP level 2. HP: 23/27 MP: 2/2
   676 | D:1      | Reached XP level 3. HP: 30/33 MP: 3/3
  1196 | D:2      | Noticed Jessica
  1205 | D:2      | Killed Jessica
  1206 | D:2      | Reached skill level 4 in Axes
  1206 | D:2      | Reached XP level 4. HP: 15/40 MP: 4/4
  1413 | D:2      | Noticed Sigmund
  1433 | D:2      | Killed Sigmund
  1434 | D:2      | Reached skill level 6 in Axes
  1434 | D:2      | Reached XP level 5. HP: 23/47 MP: 5/5
  1434 | D:2      | Reached XP level 6. HP: 26/53 MP: 6/6
  1611 | D:2      | Found a faded altar of an unknown god.
  2224 | D:3      | Identified the +1 chain mail of Tentacled Beauty {+Inv
                  | rElec Slay-5 Stlth+}
  2354 | D:3      | Reached skill level 5 in Fighting
  3619 | D:4      | Noticed Eustachio
  3712 | D:4      | Killed Eustachio
  3713 | D:4      | Reached skill level 7 in Axes
  3713 | D:4      | Reached XP level 7. HP: 15/61 MP: 7/7
  3950 | D:4      | Found an opulent altar of Gozag.
  3961 | D:4      | Found a hide-covered altar of Uskayaw.
  4004 | D:4      | Became a worshipper of Gozag Ym Sagoz the Greedy
  4767 | D:5      | Entered Level 5 of the Dungeon
  4771 | D:5      | Identified the +4 trident of Indignation {vorpal, rC++ rN+
                  | Int+3}
  4939 | D:5      | Reached skill level 5 in Armour
  4970 | D:5      | Reached skill level 8 in Axes
  5269 | D:5      | Reached XP level 8. HP: 68/68 MP: 8/8
  5314 | D:6      | Found Ocutodoi's Armour Boutique.
  5388 | D:6      | Reached skill level 5 in Shields
  5503 | D:6      | Noticed Pikel
  5555 | D:5      | Reached skill level 1 in Dodging
  5714 | D:5      | Reached skill level 9 in Axes
  5721 | D:5      | HP: 2/69 [ogre/+0 giant club (24)]
  5721 | D:5      | Slain by an iguana

Illustrated notes

Levels and vault maps discovered:
D:1:      erik_arrival_orb_chamber, layout_basic, grunt_decor_fettered,
          kennysheep_nondescript, minmay_pentomino_t2
D:2:      layout_basic, hellmonk_ecumenical_altar_arch_garden, uniq_sigmund,
          uniq_jessica
D:3:      layout_basic, serial_co_window_serial, co_window_paths_a,
          co_window_corner_a, co_window_of_opportunity_a,
          co_window_of_opportunity_a, co_window_corner_a,
          co_window_of_opportunity_a, co_window_paths_b, co_window_broadway_b,
          co_window_of_opportunity_c, co_window_broadway_b, co_window_sun,
          glass_columns_b, glass_columns_a, glass_columns_b, glass_columns_a
D:4:      layout_loops_ring, amethyst_overflow_temple_binary, uniq_eustachio
D:5:      layout_gridville
D:6:      layout_rooms, serial_shops, nicolae_stop_n_shop_2, uniq_pikel

Skill      XL: |  1  2  3  4  5  6  7  8 |
---------------+-------------------------+-----
Axes           | 3 4 6 7 8 9 |  9.0
Fighting       | 4 5 |  5.5
Armour         | 4 5 |  5.9
Shields        | 4 5 |  5.4
Dodging        | 1 |  1.0
Stealth        | |  0.4

Action                   |  1- 3 |  4- 6 |  7- 9 || total
-------------------------+-------+-------+-------++-------
Melee: War axe           |    79 |   182 |   137 ||   398
  Use: Scroll            |     2 |     4 |     2 ||     8
       Potion            |       |     5 |       ||     5
Armor: Scale mail        |     9 |       |       ||     9
       Plate armour      |    30 |   133 |   114 ||   277
Dodge: Dodged            |    27 |    53 |    63 ||   143
Block: Buckler           |    10 |    53 |    63 ||   126
       Reflection        |       |       |     1 ||     1

Table legend: (Time is in decaauts)
 A = Elapsed time spent in this place.
 B = Non-inter-level travel time spent in this place.
 C = Inter-level travel time spent in this place.
 D = Time resting spent in this place.
 E = Time spent auto-exploring this place.
 F = Levels seen in this place.
 G = Mean time per level.
                   A        B        C        D        E       F      G
               +--------+--------+--------+--------+--------+-----+--------+
         Total |   5827 |   5586 |    241 |      0 |   4669 |   6 |  971.2 |
       Dungeon |   5827 |   5586 |    241 |      0 |   4669 |   6 |  971.2 |
               +--------+--------+--------+--------+--------+-----+--------+

Top non-repeatable levels by time:
     D:3: 1408 daAuts
     D:4: 1257 daAuts
     D:2: 1240 daAuts
     D:1: 956 daAuts
     D:5: 722 daAuts
     D:6: 242 daAuts
